[ AOE2 MATCH · #505118013 ]
UnrankedRomans vs Jurchens
Player's team · WIN
Rival team · LOSS
[ REPLAY ANALYSIS · EXTRACTED FROM THE RECORDED GAME ]
Feudal
10:13
Castle
24:35
Imperial
—
| APM avg | 60.1 |
| APM peak | 113 |
| eAPM avg | 33.3 |
| Villagers / military | 233 / 82 |
Focus
⚔️ 19.8% · 🌾 80.2%
Scorpion ×49 · Spearman ×20 · Militia ×8 · Trade Cart ×6 · Battering Ram ×4 · Monk ×1
Feudal
8:47
Castle
30:14
Imperial
—
| APM avg | 65.9 |
| APM peak | 108 |
| eAPM avg | 28.9 |
| Villagers / military | 99 / 23 |
Focus
⚔️ 34.9% · 🌾 65.1%
Unknown (1911) ×16 · Scout Cavalry ×11 · Iron Pagoda ×7 · Archer ×5
Match map
Initial resources + every placement click. Lines = walls · curves = elevation contours. ◆ gold · ⬟ stone · ● berries · ✦ relic · ◌ wall gap
Your base· ✓ Closed at 24:35 · 43t walls · no gate
The beast's base· Open — opponent sealed themselves in
Smoothed initial terrain · ◌ = detected wall gap · hover for details
Inputs per minute
— Joxer The Mighty - - The beast
Build order — Joxer The Mighty
First 150 of 424 actions detected
| 0:00 | Queue | Villager (Male) |
| 0:00 | Queue | Villager (Male) |
| 0:00 | Queue | Villager (Male) |
| 0:00 | Queue | Villager (Male) |
| 0:00 | Queue | Villager (Male) |
| 0:00 | Queue | Villager (Male) |
| 0:02 | Build | House |
| 0:03 | Build | House |
| 1:30 | Queue | Villager (Male) |
| 1:30 | Queue | Villager (Male) |
| 1:30 | Queue | Villager (Male) |
| 1:30 | Queue | Villager (Male) |
| 1:30 | Queue | Villager (Male) |
| 1:30 | Queue | Villager (Male) |
| 1:47 | Build | Lumber Camp |
| 1:56 | Queue | Villager (Male) |
| 1:56 | Queue | Villager (Male) |
| 1:56 | Queue | Villager (Male) |
| 1:57 | Queue | Villager (Male) |
| 2:21 | Queue | Villager (Male) |
| 2:21 | Queue | Villager (Male) |
| 2:21 | Queue | Villager (Male) |
| 2:21 | Queue | Villager (Male) |
| 2:47 | Queue | Villager (Male) |
| 2:47 | Queue | Villager (Male) |
| 2:47 | Queue | Villager (Male) |
| 2:47 | Queue | Villager (Male) |
| 3:03 | Queue | Villager (Male) |
| 3:03 | Queue | Villager (Male) |
| 3:03 | Queue | Villager (Male) |
| 3:04 | Queue | Villager (Male) |
| 3:04 | Queue | Villager (Male) |
| 3:04 | Queue | Villager (Male) |
| 3:27 | Build | House |
| 3:33 | Queue | Villager (Male) |
| 3:33 | Queue | Villager (Male) |
| 3:33 | Queue | Villager (Male) |
| 3:33 | Queue | Villager (Male) |
| 3:33 | Queue | Villager (Male) |
| 3:44 | Build | House |
| 3:56 | Queue | Villager (Male) |
| 3:56 | Queue | Villager (Male) |
| 3:56 | Queue | Villager (Male) |
| 4:26 | Queue | Villager (Male) |
| 4:26 | Queue | Villager (Male) |
| 4:26 | Queue | Villager (Male) |
| 4:26 | Queue | Villager (Male) |
| 4:26 | Queue | Villager (Male) |
| 4:44 | Build | House |
| 4:45 | Build | House |
| 4:53 | Queue | Villager (Male) |
| 4:53 | Queue | Villager (Male) |
| 4:53 | Queue | Villager (Male) |
| 4:53 | Queue | Villager (Male) |
| 5:08 | Queue | Villager (Male) |
| 5:08 | Queue | Villager (Male) |
| 5:08 | Queue | Villager (Male) |
| 5:32 | Build | Mill |
| 5:46 | Build | Palisade Wall |
| 5:49 | Build | Palisade Wall |
| 5:51 | Build | Palisade Wall |
| 5:55 | Build | Palisade Wall |
| 5:58 | Queue | Villager (Male) |
| 5:58 | Queue | Villager (Male) |
| 5:58 | Queue | Villager (Male) |
| 5:58 | Queue | Villager (Male) |
| 5:58 | Queue | Villager (Male) |
| 7:12 | Queue | Villager (Male) |
| 7:12 | Queue | Villager (Male) |
| 7:12 | Queue | Villager (Male) |
| 7:12 | Queue | Villager (Male) |
| 7:16 | Research | Loom |
| 7:41 | Queue | Villager (Male) |
| 7:41 | Queue | Villager (Male) |
| 7:41 | Queue | Villager (Male) |
| 7:41 | Queue | Villager (Male) |
| 7:46 | Build | Mining Camp |
| 7:57 | Research | Feudal Age |
| 8:30 | Queue | Villager (Male) |
| 8:30 | Queue | Villager (Male) |
| 9:07 | Build | Barracks |
| 9:20 | Build | Palisade Wall |
| 10:10 | Build | Palisade Wall |
| 10:13 | Age | Feudal Age |
| 10:18 | Queue | Spearman |
| 10:21 | Research | Double-Bit Axe |
| 10:32 | Research | Horse Collar |
| 10:40 | Build | Farm |
| 10:46 | Build | House |
| 10:56 | Build | House |
| 11:07 | Queue | Villager (Male) |
| 11:07 | Queue | Villager (Male) |
| 11:07 | Queue | Villager (Male) |
| 11:18 | Build | House |
| 11:20 | Build | House |
| 11:31 | Build | House |
| 11:34 | Build | House |
| 11:42 | Build | Farm |
| 11:43 | Build | Farm |
| 11:43 | Build | Farm |
| 11:47 | Queue | Militia ×4 |
| 12:03 | Build | Farm |
| 12:14 | Build | Farm |
| 12:43 | Build | Farm |
| 12:44 | Build | Farm |
| 12:45 | Queue | Villager (Male) |
| 12:45 | Queue | Villager (Male) |
| 12:45 | Queue | Villager (Male) |
| 12:45 | Queue | Villager (Male) |
| 12:45 | Queue | Villager (Male) |
| 13:11 | Queue | Villager (Male) |
| 13:11 | Queue | Villager (Male) |
| 13:11 | Queue | Villager (Male) |
| 13:11 | Queue | Villager (Male) |
| 13:11 | Queue | Villager (Male) |
| 13:21 | Build | Farm |
| 13:38 | Build | Lumber Camp |
| 13:39 | Queue | Villager (Male) |
| 13:39 | Queue | Villager (Male) |
| 13:39 | Queue | Villager (Male) |
| 13:39 | Queue | Villager (Male) |
| 13:39 | Queue | Villager (Male) |
| 14:00 | Research | Man-at-Arms (upgrade) |
| 14:15 | Queue | Villager (Male) |
| 14:15 | Queue | Villager (Male) |
| 14:15 | Queue | Villager (Male) |
| 14:15 | Queue | Villager (Male) |
| 14:15 | Queue | Villager (Male) |
| 14:35 | Build | Blacksmith |
| 14:39 | Build | Farm |
| 14:40 | Build | Farm |
| 14:42 | Build | Farm |
| 15:17 | Research | Scale Mail Armor |
| 15:17 | Research | Scale Mail Armor |
| 15:17 | Queue | Villager (Male) |
| 15:17 | Queue | Villager (Male) |
| 15:17 | Queue | Villager (Male) |
| 15:17 | Queue | Villager (Male) |
| 15:18 | Queue | Villager (Male) |
| 15:38 | Queue | Villager (Male) |
| 15:38 | Queue | Villager (Male) |
| 15:38 | Queue | Villager (Male) |
| 15:38 | Queue | Villager (Male) |
| 15:41 | Queue | Spearman |
| 16:12 | Build | House |
| 16:48 | Queue | Villager (Male) |
| 16:48 | Queue | Villager (Male) |
| 16:48 | Queue | Villager (Male) |
| 16:48 | Queue | Villager (Male) |
| 16:48 | Queue | Villager (Male) |
Build order — The beast
First 150 of 228 actions detected
| 0:00 | Queue | Villager (Male) |
| 0:00 | Queue | Villager (Male) |
| 0:01 | Queue | Villager (Male) |
| 0:01 | Queue | Villager (Male) |
| 0:02 | Build | House |
| 0:04 | Build | House |
| 1:32 | Queue | Villager (Male) |
| 1:56 | Queue | Villager (Male) |
| 1:57 | Queue | Villager (Male) |
| 2:12 | Build | Lumber Camp |
| 2:15 | Queue | Villager (Male) |
| 2:38 | Queue | Villager (Male) |
| 2:38 | Queue | Villager (Male) |
| 2:49 | Queue | Villager (Male) |
| 3:42 | Queue | Villager (Male) |
| 3:42 | Queue | Villager (Male) |
| 3:53 | Queue | Villager (Male) |
| 3:54 | Queue | Villager (Male) |
| 3:54 | Queue | Villager (Male) |
| 4:02 | Queue | Villager (Male) |
| 4:17 | Build | Mill |
| 4:24 | Queue | Villager (Male) |
| 4:24 | Queue | Villager (Male) |
| 4:35 | Queue | Villager (Male) |
| 4:48 | Build | House |
| 4:59 | Queue | Villager (Male) |
| 5:00 | Queue | Villager (Male) |
| 5:07 | Queue | Villager (Male) |
| 5:28 | Queue | Villager (Male) |
| 5:35 | Queue | Villager (Male) |
| 5:45 | Queue | Villager (Male) |
| 5:51 | Queue | Villager (Male) |
| 6:14 | Research | Loom |
| 6:37 | Research | Feudal Age |
| 7:03 | Queue | Villager (Male) |
| 7:23 | Research | Loom |
| 7:30 | Queue | Villager (Male) |
| 8:14 | Queue | Villager (Male) |
| 8:47 | Age | Feudal Age |
| 8:54 | Build | Barracks |
| 8:57 | Research | Double-Bit Axe |
| 9:12 | Queue | Villager (Male) |
| 9:26 | Build | Mill |
| 10:07 | Build | Watch Tower |
| 10:08 | Queue | Villager (Male) |
| 10:46 | Queue | Villager (Male) |
| 11:13 | Build | Stable |
| 11:44 | Queue | Villager (Male) |
| 11:44 | Queue | Villager (Male) |
| 11:53 | Queue | Villager (Male) |
| 11:56 | Queue | Villager (Male) |
| 12:01 | Queue | Villager (Male) |
| 12:05 | Queue | Villager (Male) |
| 12:10 | Queue | Scout Cavalry |
| 12:15 | Build | House |
| 12:24 | Build | Market |
| 12:40 | Build | Mining Camp |
| 12:46 | Build | House |
| 12:46 | Queue | Villager (Male) |
| 13:13 | Build | Watch Tower |
| 13:19 | Queue | Villager (Male) |
| 13:25 | Queue | Villager (Male) |
| 13:28 | Queue | Villager (Male) |
| 13:34 | Queue | Villager (Male) |
| 13:43 | Queue | Scout Cavalry |
| 13:44 | Queue | Villager (Male) |
| 13:52 | Build | Farm |
| 13:53 | Build | Farm |
| 14:01 | Queue | Villager (Male) |
| 14:04 | Queue | Villager (Male) |
| 14:13 | Queue | Villager (Male) |
| 14:17 | Build | Farm |
| 14:17 | Build | Farm |
| 14:26 | Build | Blacksmith |
| 14:43 | Build | Watch Tower |
| 15:13 | Queue | Scout Cavalry |
| 15:28 | Build | Farm |
| 15:28 | Build | Farm |
| 15:42 | Queue | Villager (Male) |
| 15:44 | Build | House |
| 15:44 | Queue | Villager (Male) |
| 15:54 | Build | House |
| 16:17 | Queue | Scout Cavalry |
| 16:32 | Build | House |
| 17:15 | Queue | Scout Cavalry |
| 17:15 | Queue | Villager (Male) |
| 17:17 | Build | House |
| 17:18 | Queue | Villager (Male) |
| 17:19 | Build | Farm |
| 17:22 | Build | Farm |
| 17:23 | Build | Farm |
| 17:41 | Queue | Scout Cavalry |
| 17:41 | Queue | Scout Cavalry |
| 17:48 | Build | Farm |
| 17:49 | Queue | Villager (Male) |
| 17:51 | Build | House |
| 18:05 | Build | Farm |
| 18:05 | Queue | Villager (Male) |
| 18:15 | Research | Fletching |
| 18:30 | Build | House |
| 18:32 | Build | Farm |
| 18:33 | Queue | Villager (Male) |
| 18:49 | Queue | Villager (Male) |
| 19:23 | Queue | Scout Cavalry |
| 19:37 | Queue | Scout Cavalry |
| 19:40 | Build | House |
| 19:47 | Research | Scale Barding Armor |
| 19:50 | Build | Lumber Camp |
| 19:57 | Build | Watch Tower |
| 20:10 | Queue | Villager (Male) |
| 20:15 | Build | Farm |
| 20:22 | Queue | Villager (Male) |
| 20:36 | Queue | Scout Cavalry |
| 20:55 | Build | House |
| 21:00 | Queue | Villager (Male) |
| 21:22 | Queue | Villager (Male) |
| 21:36 | Queue | Villager (Male) |
| 21:40 | Research | Bloodlines |
| 21:45 | Build | Archery Range |
| 21:50 | Queue | Villager (Male) |
| 22:03 | Research | Forging |
| 22:03 | Queue | Villager (Male) |
| 22:16 | Queue | Villager (Male) |
| 22:20 | Queue | Villager (Male) |
| 22:35 | Build | Farm |
| 22:38 | Build | Lumber Camp |
| 22:38 | Queue | Villager (Male) |
| 22:40 | Build | Farm |
| 23:16 | Queue | Archer |
| 23:16 | Queue | Archer |
| 23:16 | Queue | Archer |
| 23:43 | Queue | Villager (Male) |
| 24:11 | Build | Watch Tower |
| 24:20 | Queue | Villager (Male) |
| 24:22 | Build | Farm |
| 25:04 | Queue | Villager (Male) |
| 25:27 | Queue | Scout Cavalry |
| 25:29 | Queue | Villager (Male) |
| 25:31 | Build | Farm |
| 25:35 | Queue | Archer |
| 26:01 | Queue | Villager (Male) |
| 26:03 | Queue | Villager (Male) |
| 26:07 | Build | Mining Camp |
| 26:25 | Queue | Villager (Male) |
| 26:47 | Build | Watch Tower |
| 26:50 | Research | Padded Archer Armor |
| 26:50 | Queue | Villager (Male) |
| 26:53 | Build | Farm |
| 26:53 | Build | Farm |
| 27:13 | Queue | Villager (Male) |
Match timeline
| 5:46 | Joxer The Mighty · wall_segment Palisade Wall x6 |
| 5:49 | Joxer The Mighty · wall_segment Palisade Wall x13 |
| 5:51 | Joxer The Mighty · wall_segment Palisade Wall x7 |
| 5:55 | Joxer The Mighty · wall_segment Palisade Wall x5 |
| 8:47 | The beast · age_up feudal |
| 8:54 | The beast · first_building Barracks |
| 9:07 | Joxer The Mighty · first_building Barracks |
| 9:20 | Joxer The Mighty · wall_segment Palisade Wall x6 |
| 10:10 | Joxer The Mighty · wall_segment Palisade Wall x6 |
| 10:13 | Joxer The Mighty · age_up feudal |
| 11:13 | The beast · first_building Stable |
| 13:08 | The beast · first_market_sell 100 wood |
| 13:09 | The beast · first_market_buy 100 stone |
| 21:45 | The beast · first_building Archery Range |
| 24:35 | Joxer The Mighty · age_up castle |
| 24:40 | Joxer The Mighty · first_building Siege Workshop |
| 26:54 | Joxer The Mighty · first_building Castle |
| 29:48 | Joxer The Mighty · first_building Monastery |
| 30:14 | The beast · age_up castle |
| 31:04 | The beast · first_building Castle |
| 35:03 | The beast · first_building Siege Workshop |
| 39:45 | The beast · resign |
[ AI ANALYSIS · 1 CREDIT ]
What really happened in this match?
Wolo.gg analyzes every decision: build order, eco, micro, common mistakes by bracket. Personalized analysis on WhatsApp or Discord in 30 seconds.
Civ guide
Romans
Perfil
Joxer The Mighty